Map: Oblivion Express

Players

TrucEtrange

  • Race: Protoss Protoss
  • Spawn Location: 0:00

Araon

  • Race: Zerg Zerg
  • Spawn Location: 12:00

VOD

Have the link to the VOD?

Description

Time

  • Played on: Jan. 16, 2023, 4:33 p.m.
  • Length: 25:37
Show
View Real Time Build Order
Export as new Build Order

TrucEtrange Protoss 

Build Orders:  

Get SALT Encoding   

  13  0:11  Probe (Chrono Boost)  
  13  0:26  Probe (Chrono Boost)  
  14  0:34  Pylon  
  15  0:41  Probe (Chrono Boost)  
  15  0:47  Assimilator  
  15  0:56  Assimilator, Probe (Chrono Boost)  
  17  1:10  Probe (Chrono Boost)  
  17  1:22  Probe (Chrono Boost)  
  18  1:32  Probe (Chrono Boost)  
  19  1:41  Forge  
  19  1:43  Probe (Chrono Boost)  
  20  1:53  Probe (Chrono Boost)  
  21  2:02  Probe (Chrono Boost), Solar Efficiency Level 1  
  22  2:15  Probe (Chrono Boost)  
  23  2:31  Enhanced Targeting  
  23  2:46  Pylon  
  24  2:53  Probe (Chrono Boost)  
  24  3:07  Probe (Chrono Boost)  
  26  3:22  Probe (Chrono Boost)  
  26  3:37  Probe (Chrono Boost)  
  27  3:44  Optimized Ordinance  
  28  3:52  Probe (Chrono Boost)  
  28  3:53  Gateway  
  28  4:11  Nexus  
  29  4:23  Probe (Chrono Boost)  
  29  4:31  Khaydarin Monolith  
  29  4:59  Probe (Chrono Boost)  
  30  5:08  Shield Battery  
  30  5:12  Khaydarin Monolith  
  30  5:26  Photon Cannon  
  30  5:29  Probe (Chrono Boost)  
  31  5:45  Probe (Chrono Boost)  
  31  5:53  Pylon, Probe (Chrono Boost)  
  33  6:08  Probe (Chrono Boost)  
  35  6:23  Probe (Chrono Boost)  
  35  6:39  Khaydarin Monolith  
  35  6:40  Khaydarin Monolith  
  30  7:07  Probe (Chrono Boost)  
  30  7:08  Probe (Chrono Boost)  
  32  7:22  Probe (Chrono Boost)  
  32  7:23  Probe (Chrono Boost)  
  32  7:29  Cybernetics Core  
  32  7:37  Probe (Chrono Boost)  
  32  7:38  Probe (Chrono Boost)  
  32  7:39  Fortification Barrier  
  36  7:51  Probe (Chrono Boost)  
  36  7:52  Probe (Chrono Boost)  
  36  8:02  Khaydarin Monolith  
  36  8:06  Probe (Chrono Boost)  
  36  8:07  Probe (Chrono Boost)  
  36  8:09  Advanced Repair Systems  
  38  8:18  Protoss Shields Level 1  
  40  8:21  Probe (Chrono Boost)  
  40  8:22  Probe (Chrono Boost)  
  40  8:36  Twilight Council  
  40  8:37  Probe (Chrono Boost)  
  41  8:47  Khaydarin Monolith  
  42  8:51  Probe (Chrono Boost)  
  42  9:02  Khaydarin Monolith  
  42  9:06  Probe (Chrono Boost)  
  44  9:21  Probe (Chrono Boost)  
  44  9:39  Unknown x3  
  44  9:41  Khaydarin Monolith  
  44  9:45  Photon Cannon  
  44  9:50  Shield Battery  
  44  9:58  Rapid Recharging  
  44  10:03  Khaydarin Monolith  
  44  10:29  Pylon  
  44  10:36  Khaydarin Monolith  
  44  10:38  Khaydarin Monolith  
  44  11:00  Assimilator  
  44  11:05  Assimilator  
  45  11:12  Probe (Chrono Boost)  
  45  11:26  Probe (Chrono Boost)  
  46  11:32  Khaydarin Monolith  
  46  11:34  Khaydarin Monolith  
  46  11:38  Solar Efficiency Level 2  
  47  11:41  Probe (Chrono Boost)  
  47  11:57  Probe (Chrono Boost)  
  49  12:12  Probe (Chrono Boost)  
  49  12:26  Probe (Chrono Boost)  
  50  12:32  Protoss Shields Level 2  
  50  13:00  Pylon  
  50  13:07  Photon Cannon  
  50  13:08  Khaydarin Monolith  
  50  13:09  Khaydarin Monolith  
  50  13:15  Khaydarin Monolith  
  50  13:24  Khaydarin Monolith  
  50  13:27  Solar Flare  
  50  13:51  Phase Detonation  
  50  14:19  Pylon  
  50  14:22  Pylon  
  50  14:25  Photon Cannon  
  50  14:28  Photon Cannon  
  50  14:29  Photon Cannon  
  50  14:30  Photon Cannon  
  50  14:33  Photon Cannon  
  50  14:39  Photon Cannon  
  50  14:41  Photon Cannon  
  50  14:43  Photon Cannon  
  50  14:47  Photon Cannon x2  
  50  14:50  Photon Cannon  
  50  14:57  Shield Battery  
  50  14:58  Shield Battery  
  50  15:19  Probe (Chrono Boost)  
  51  15:28  Pylon  
  51  15:33  Photon Cannon x2  
  51  15:37  Photon Cannon  
  51  15:39  Photon Cannon  
  50  16:12  Protoss Shields Level 3  
  49  16:43  Energizer  
  51  17:15  Energizer  
  51  17:26  Khaydarin Monolith  
  53  17:37  Khaydarin Monolith  
  53  17:47  Khaydarin Monolith, Energizer  
  53  17:51  Khaydarin Monolith  
  53  17:56  Khaydarin Monolith  
  55  18:05  Khaydarin Monolith  
  55  18:08  Khaydarin Monolith  
  55  18:13  Khaydarin Monolith  
  55  18:20  Energizer  
  55  18:22  Photon Cannon x2  
  55  18:24  Photon Cannon  
  55  18:26  Photon Cannon  
  57  18:32  Photon Cannon  
  57  18:34  Photon Cannon  
  57  19:24  Photon Cannon  
  57  19:36  Probe (Chrono Boost)  
  57  19:37  Photon Cannon  
  58  19:44  Khaydarin Monolith  
  58  19:47  Khaydarin Monolith  
  58  19:51  Khaydarin Monolith  
  58  20:19  Khaydarin Monolith  
  58  20:23  Photon Cannon  
  58  20:25  Shield Battery  
  57  20:30  Shield Battery  
  57  20:32  Shield Battery  
  57  20:35  Shield Battery  
  57  20:41  Shield Battery  
  57  22:03  Pylon  
  57  22:06  Photon Cannon  
  57  22:14  Photon Cannon  
  57  22:18  Shield Battery  
  57  22:23  Pylon  
  57  22:27  Photon Cannon  
  57  22:30  Photon Cannon x2  
  57  22:31  Photon Cannon  
  57  22:35  Photon Cannon x2  
  57  22:37  Photon Cannon  
  57  22:43  Pylon  
  57  22:45  Photon Cannon x2  
  57  22:48  Photon Cannon  
  53  23:20  Khaydarin Monolith  
  53  23:21  Khaydarin Monolith  
  53  23:23  Khaydarin Monolith  
  53  23:29  Khaydarin Monolith  
  53  23:31  Khaydarin Monolith  
  53  23:36  Khaydarin Monolith  
  53  23:53  Shield Battery  
  53  23:55  Shield Battery  
  53  24:20  Khaydarin Monolith  
  53  24:22  Khaydarin Monolith x2  
Show
View Real Time Build Order
Export as new Build Order

Araon Zerg 

Build Orders:  

Get SALT Encoding   

  6  0:06  Drone x2  
  6  0:14  Drone x2  
  8  0:24  Drone x2  
  9  0:34  Extractor  
  9  0:37  Drone x2  
  8  0:45  Drone x2  
  10  1:13  Spawning Pool  
  10  1:16  Drone x2  
  11  1:26  Extractor  
  11  1:28  Overlord  
  10  1:45  Baneling Nest  
  10  1:50  Swarmling x4  
  10  1:52  Swarmling x4  
  14  2:16  Centrifugal Hooks  
  14  2:23  Drone x4  
  14  2:27  Evolution Chamber  
  14  2:28  Evolution Chamber  
  19  2:42  Lair  
  22  3:08  Overlord x2  
  22  3:26  Metabolic Boost  
  22  3:39  Drone x2  
  37  4:48  Hatchery  
  37  4:49  Hatchery  
  37  5:02  Scourge Nest  
  37  5:12  Extractor  
  37  5:34  Extractor  
  37  5:40  Unknown  
  37  5:45  Drone x4  
  37  5:47  Drone x8  
  31  6:12  Swarmling x8  
  31  6:13  Scourge x2, Swarmling x8  
  31  6:14  Scourge x2  
  40  6:20  Swarmling x8  
  46  6:31  Scourge x4  
  48  6:48  Hive  
  49  6:54  Scourge x2  
  49  6:56  Scourge  
  49  6:57  Scourge  
  49  7:16  Scourge  
  49  7:18  Scourge  
  49  7:19  Scourge  
  49  7:21  Overlord  
  49  7:22  Overlord x2  
  49  7:23  Overlord  
  49  7:24  Scourge  
  49  7:35  Scourge x4  
  49  7:44  Rupture  
  49  7:48  Simplified Genome  
  54  7:52  Scourge x4  
  54  7:56  Drone x4  
  54  7:57  Drone x4  
  54  7:58  Drone x2  
  58  8:09  Scourge x4  
  64  8:14  Zerg Flyer Weapons Level 1  
  68  8:22  Virulent Spores  
  68  8:26  Scourge x4  
  70  8:35  Corrosive Acid  
  76  8:43  Scourge x3  
  76  8:48  Unknown  
  76  8:49  Scourge  
  76  8:58  Zerg Ground Armor Level 1  
  82  9:00  Scourge x4  
  82  9:03  Scourge x3  
  82  9:04  Scourge x3  
  78  9:10  Overlord x2  
  78  9:11  Overlord x2  
  78  9:17  Scourge x4  
  69  9:24  Adrenal Overload  
  70  9:34  Scourge x2  
  70  9:35  Scourge x2  
  68  9:41  Swarmling x12  
  68  9:42  Swarmling x8  
  84  9:52  Scourge x4  
  55  10:04  Drone x6  
  55  10:05  Drone x6  
  55  10:09  Scourge x4  
  63  10:14  Unknown  
  67  10:26  Scourge x4  
  69  10:30  Scourge x12  
  69  10:31  Swarmling x8  
  69  10:33  Hardened Carapace  
  85  10:43  Scourge x4  
  85  10:47  Swarmling x4  
  85  10:48  Swarmling x12  
  81  11:00  Scourge x4  
  85  11:17  Scourge x4  
  87  11:20  Hatchery  
  87  11:26  Hatchery  
  92  11:30  Hatchery  
  92  11:34  Scourge x4  
  92  11:39  Swarmling x4  
  93  11:40  Swarmling x16  
  93  11:41  Swarmling x4  
  109  11:51  Scourge x2  
  109  11:52  Scourge x2  
  109  11:56  Hatchery  
  82  12:01  Swarmling x4  
  82  12:02  Swarmling x28  
  82  12:03  Swarmling x8  
  82  12:09  Scourge x4  
  81  12:20  Zerg Ground Armor Level 2  
  81  12:26  Scourge x4  
  76  12:38  Shredding Claws  
  76  12:43  Scourge x4  
  76  12:46  Swarmling x12  
  76  12:47  Swarmling x4  
  83  13:00  Scourge x4  
  86  13:17  Scourge x4  
  89  13:34  Scourge x4  
  78  13:51  Scourge x4  
  78  13:59  Swarmling x4  
  74  14:00  Swarmling x16  
  74  14:01  Swarmling x12  
  74  14:02  Swarmling x4  
  74  14:03  Swarmling x12  
  74  14:08  Scourge x2  
  74  14:09  Scourge x2  
  98  14:18  Swarmling x4  
  98  14:19  Scourge x6, Swarmling x12  
  110  14:20  Swarmling x8  
  110  14:23  Swarmling x8  
  110  14:26  Scourge x4  
  124  14:43  Scourge x4  
  119  14:55  Swarmling x4  
  119  14:56  Swarmling x16  
  119  14:57  Swarmling x12  
  84  15:00  Scourge x4  
  84  15:06  Scourge x3  
  84  15:07  Scourge x12  
  84  15:08  Scourge x6  
  84  15:09  Scourge x3  
  69  15:11  Swarmling x16  
  69  15:12  Swarmling x8  
  69  15:16  Scourge x2  
  69  15:17  Scourge x2  
  62  15:20  Scourge x4  
  62  15:23  Scourge x4  
  62  15:27  Scourge x4  
  62  15:28  Scourge x3  
  62  15:29  Scourge x12  
  54  15:30  Scourge x10  
  54  15:34  Scourge x4  
  54  15:35  Unknown  
  61  15:40  Scourge  
  61  15:41  Scourge x3  
  61  15:44  Swarmling x4  
  61  15:45  Swarmling x12  
  61  15:46  Swarmling x40  
  100  15:58  Scourge x4  
  72  16:09  Swarmling x4  
  60  16:10  Swarmling x40  
  60  16:15  Scourge x4  
  74  16:32  Scourge x4  
  74  16:34  Scourge x3, Swarmling x4  
  74  16:35  Scourge x18, Swarmling x28  
  74  16:36  Scourge x12, Swarmling x4  
  101  16:46  Zerg Ground Armor Level 3  
  101  16:48  Scourge x3, Swarmling x4  
  101  16:49  Scourge x22, Swarmling x20  
  102  16:50  Scourge x3, Swarmling x4  
  113  17:06  Scourge x4  
  113  17:09  Scourge x3, Swarmling x4  
  113  17:10  Swarmling x32  
  113  17:11  Swarmling x4  
  136  17:23  Scourge x4  
  136  17:40  Scourge  
  136  17:44  Scourge x2  
  136  17:49  Overlord x2  
  138  17:50  Scourge, Overlord x3  
  138  17:51  Overlord  
  138  17:57  Scourge, Zerg Flyer Weapons Level 2  
  138  17:58  Scourge x3  
  138  18:09  Swarmling x4  
  123  18:10  Swarmling x16  
  123  18:11  Swarmling x4  
  123  18:15  Scourge x4  
  111  18:23  Swarmling x4  
  111  18:24  Scourge x3, Swarmling x12  
  111  18:25  Scourge x3, Swarmling x8  
  107  18:32  Scourge x4  
  107  18:37  Swarmling x8  
  107  18:38  Swarmling x36  
  125  18:49  Scourge x4  
  95  19:02  Swarmling x4  
  95  19:03  Swarmling x12  
  95  19:06  Scourge x4  
  92  19:11  Scourge x3  
  92  19:12  Scourge x9, Swarmling x8  
  92  19:13  Scourge x18, Swarmling x28  
  123  19:23  Scourge x4  
  129  19:40  Scourge x4  
  128  19:57  Scourge x2  
  128  19:59  Scourge  
  121  20:00  Scourge  
  110  20:01  Scourge x3  
  110  20:02  Scourge x18, Swarmling x16  
  110  20:06  Scourge x15  
  110  20:07  Scourge x18  
  149  20:16  Scourge x4  
  149  20:33  Scourge  
  149  20:34  Scourge  
  150  20:50  Scourge  
  150  20:52  Scourge  
  150  20:53  Scourge  
  150  20:54  Scourge  
  150  20:55  Scourge x4  
  150  20:58  Scourge x4  
  149  21:02  Scourge x4  
  149  21:05  Scourge x4  
  149  21:09  Scourge x4  
  140  21:14  Scourge x4  
  101  21:23  Swarmling x4  
  101  21:24  Swarmling x8  
  101  21:25  Swarmling x24  
  101  21:26  Swarmling x8  
  107  21:31  Scourge x4  
  107  21:35  Swarmling x12  
  107  21:36  Swarmling x16  
  107  21:37  Swarmling x4  
  107  21:38  Scourge x9  
  107  21:39  Scourge x9  
  111  21:40  Scourge x9  
  111  21:48  Scourge x2  
  111  21:49  Scourge  
  124  21:50  Scourge  
  124  21:55  Scourge x9, Swarmling x8  
  124  21:56  Scourge x18, Swarmling x24  
  149  22:05  Scourge x4  
  144  22:22  Scourge x4  
  144  22:25  Swarmling x4  
  149  22:31  Scourge x6  
  149  22:32  Scourge x9  
  149  22:33  Scourge x18  
  149  22:34  Scourge x6  
  149  22:39  Scourge x3  
  137  22:40  Scourge  
  150  22:42  Scourge x3  
  150  22:44  Scourge x3  
  149  22:53  Scourge x3  
  149  22:54  Scourge x12  
  149  22:55  Scourge x12  
  149  22:56  Scourge x4  
  149  22:57  Scourge x3  
  149  22:58  Scourge x3  
  149  22:59  Scourge x6  
  149  23:01  Scourge x3  
  149  23:02  Scourge x3  
  149  23:03  Scourge x6  
  145  23:14  Scourge x4  
  149  23:54  Scourge  
  149  24:00  Scourge x3  
  149  24:11  Scourge x3  
  149  24:12  Scourge  
  149  24:14  Scourge x3, Swarmling x8  
  149  24:15  Scourge x9  
  149  24:16  Scourge x9  
  149  24:17  Scourge x3  
  149  24:18  Scourge x3, Swarmling x4  
  149  24:19  Scourge x3, Swarmling x4  
  137  24:20  Scourge x3, Swarmling x8  
  137  24:21  Swarmling x4  
  137  24:28  Scourge  
  137  24:29  Scourge x3  
  109  24:33  Swarmling x8  
  109  24:34  Swarmling x20  
  109  24:35  Swarmling x20  
  109  24:36  Swarmling x4  
  106  24:46  Scourge x4  
  106  24:47  Swarmling x8  
  106  24:48  Swarmling x24  
  106  24:49  Swarmling x20  
  111  24:50  Swarmling x4  
  111  24:54  Scourge x4  
  111  24:57  Scourge x2  
  111  24:58  Scourge x2  
  108  25:01  Scourge x4  
  108  25:04  Scourge x4  
  108  25:08  Scourge x4  
  108  25:11  Scourge x4  
Tags
 
Add a new tag
Caveats
  • Supply blocks, unpowered buildings, or Contaminate may cause inaccurate times.
  • Supply counts are checked every 10 seconds.